 Dungeon Crawl Stone Soup version 0.13-a0-2772-g9cbdda8 (webtiles) character file.

3472 4tharraofdagon the Cleaver (level 9, -13/72 HPs)
             Began as a Djinni Berserker on Aug 23, 2013.
             Was a Priest of Trog.
             Mangled by an ettin
             ... wielding a +0,+0 great mace
              (25 damage)
             ... on Level 3 of the Orcish Mines.
             The game lasted 00:15:43 (2431 turns).

4tharraofdagon the Cleaver (Djinni Berserker)       Turns: 2431, Time: 00:15:43

HP -13/72 (62)   AC 16     Str 24      XL: 9   Next: 46%
MP   0/0         EV  6     Int  8      God: Trog [***...]
Gold 633         SH  0     Dex 15      Spells:  0 memorised,  8 levels left

Res.Fire  : + + +   See Invis. : .   m - +1,+0 war axe
Res.Cold  : x . .   Warding    : .   D - +0 orc plate armour
Life Prot.: + + +   Conserve   : +   (no shield)
Res.Poison: .       Res.Corr.  : .   (no helmet)
Res.Elec. : .       Clarity    : .   h - +1 dwarf cloak
Sust.Abil.: . .     Spirit.Shd : .   G - +0 pair of gauntlets {Dex+3}
Res.Mut.  : .       Stasis     : .   (boots unavailable)
Res.Rott. : .       Flight     : .   w - amulet of conservation
Saprovore : . . .                    (no ring)
                                     z - +3 ring of strength

@: regenerating (expiring), about to teleport, exhausted, very slightly
contaminated, slowed, very slow, very resistant to hostile enchantments,
extremely unstealthy
A: fire immunity, cold vulnerability, life protection 3
a: Burn Spellbooks, Berserk, Trog's Hand, Renounce Religion


You were on level 3 of the Orcish Mines.
You worshipped Trog.
Trog was greatly pleased with you.
You were not hungry.

You visited 2 branches of the dungeon, and saw 13 of its levels.

You collected 692 gold pieces.
You spent 79 gold pieces at shops.

Inventory:

Hand weapons
 a - a +0,+0 hand axe {=f}
 k - a +0,+0 orcish war axe
 m - a +1,+0 war axe (weapon)
 r - the -2,-3 trident "Stodo" {pierce, Contam +Rage Dex+1}
   (You found it on level 8 of the Dungeon)

   It inflicts extra damage upon your enemies.
   It affects your dexterity (+1).
   It lets you go berserk.
   It causes magical contamination when unequipped.
 C - a +0,+0 orcish war axe
 H - a -1,+0 orcish war axe
 I - a +0,+1 orcish war axe
Armour
 b - a +0 animal skin
 e - a cursed +0 orcish ring mail
 h - a +1 dwarven cloak (worn)
 j - a +0 plate armour
 o - a +0 orcish chain mail
 q - a +2 ring mail of cold resistance
 D - a +0 orcish plate armour (worn)
 G - a +0 pair of gauntlets of dexterity (worn)
Magical devices
 s - a wand of magic darts (17) {unknown}
 B - a wand of slowing (7) {unknown}
 E - a wand of paralysis (0)
Scrolls
 c - 2 scrolls of remove curse
 g - 2 scrolls of random uselessness
 i - 2 scrolls of teleportation
 y - a scroll of identify
Jewellery
 v - an uncursed amulet of resist corrosion
 w - an amulet of conservation (around neck)
 z - a +3 ring of strength (left hand)
Potions
 d - a potion of poison {unknown}
 f - a potion of heal wounds {unknown}
 n - a potion of strong poison {unknown}
 p - a potion of decay {unknown}
 u - a potion of invisibility {unknown}
 x - a potion of might {unknown}
 F - a potion of agility {unknown}
Miscellaneous
 t - a phial of floods


   Skills:
 + Level 6.3 Fighting
 * Level 8.7 Axes
 + Level 7.1 Armour
 - Level 1.7 Dodging
 - Level 3.9 Evocations


You had 8 spell levels left.
You didn't know any spells.

Dungeon Overview and Level Annotations

Branches:
Dungeon (10/27)               Orc (3/4) D:10
 Temple: D:4-7          Elf: Orc:3-4       Lair: D:8-13

Altars:
the Shining One

Shops:
Orc:2: [ Orc:3: %


Innate Abilities, Weirdness & Mutations

You are immune to all types of fire, even holy and hellish.
You are vulnerable to cold.
You need no food.
You have no legs.
You are immune to negative energy.


Message History

Unknown command.
You feel a strong urge to attack something.
Things that are here:
an orcish dagger; an orcish robe Unknown command.
Things that are here:
an orcish flail; an orcish leather armour Unknown command.
You feel your anger subside.
Your skin is crawling a little less now.
You are no longer berserk.
You are exhausted.
You feel yourself slow down.
Unknown command.
Read which item? (? for menu, Esc to quit)
As you read the scroll of teleportation, it crumbles to dust.
You feel strangely unstable.
Unknown command.
The orc warrior picks up a sling.
The ettin hits you with a great mace!
You die...

#......##
##......#
##....##
##o.<##
##...##
##)oo##
#).)##
##.C##
#.@.#
##.## ###


You could see an ettin, an orc warrior, an orc priest and an orc.

Vanquished Creatures
  Joseph (Orc:3)
  A hill giant zombie (D:10)
  A wyvern (D:9)
  A hippogriff (D:10)
  A necrophage (D:10)
  5 orc warriors
  A phantom (D:8)
  A crocodile (D:10)
  A gnoll sergeant (D:8)
  A komodo dragon skeleton (D:10)
  A giant frog (D:9)
  A troll zombie (D:10)
  5 killer bees (D:8)
  A hippogriff skeleton (D:6)
  3 crimson imps
  2 hounds
  A jelly (D:9)
  6 orc wizards
  5 orc priests
  2 iguanas
  A mummy (D:10)
  4 adders
  5 gnolls (D:8)
  2 worms
  49 orcs
  7 hobgoblins
  4 kobolds
  2 quokkas
  A ball python (D:1)
  5 bats
  3 goblins
  An orc skeleton (D:10)
  5 rats
  A rat zombie (D:6)
131 creatures vanquished.

Notes
Turn   | Place    | Note
--------------------------------------------------------------
     0 | D:1      | 4tharraofdagon, the Djinni Berserker, began the quest for the Orb.
     0 | D:1      | Reached XP level 1. HP: 16/16 MP: 0/0
    23 | D:1      | Soner: IT LIVES!
    50 | D:2      | Bastard: soner, i must know
   126 | D:2      | Bastard: have you ever received an extremely immature remark about your name
   177 | D:2      | Bastard: also, music
   178 | D:2      | Bastard: www.youtube.com/watch?v=34ezwcrqRvo
   194 | D:2      | JacquesDerrida: http://www.last.fm/music/Mark+McGuire
   244 | D:2      | Soner: "have you ever received an extremely immature remark about your name" I have no idea what you mean.
   250 | D:2      | JacquesDerrida: You won't find a better acoustic musician
   268 | D:3      | Soner: But I'm also kinda dumb.
   274 | D:3      | Reached skill level 3 in Axes
   274 | D:3      | Reached XP level 2. EP: 22/22
   279 | D:3      | Reached XP level 3. EP: 27/29
   284 | D:3      | Acquired Trog's second power
   351 | D:3      | Bastard: soner = boner
   358 | D:3      | Bastard: has this happened
   382 | D:3      | Bastard: y/n
   393 | D:4      | Soner: it has now
   393 | D:4      | Bastard: well shit
   406 | D:4      | Zxkuqyb: lol
   435 | D:4      | Bastard: time to erase the chatlog
   468 | D:4      | Reached XP level 4. EP: 30/35
   519 | D:4      | Soner: /erase
   524 | D:4      | Zxkuqyb: I miss Xom fun times.. http://www.youtube.com/watch?v=IFfLCuHSZ-U
   555 | D:4      | Bastard: !!endlog
   556 | D:4      | Found a glowing golden altar of the Shining One.
   587 | D:5      | Entered Level 5 of the Dungeon
   626 | D:6      | Reached skill level 4 in Axes
   783 | D:6      | Soner: That song is pretty dark, Zxkuqyb.
   876 | D:8      | Got a bloodstained trident
   887 | D:8      | Identified the cursed trident "Stodo" {pierce, Contam +Rage Dex+1} (You found it on level 8 of the Dungeon)
  1011 | D:8      | JacquesDerrida: http://www.youtube.com/watch?v=LslgWtSSD9s
  1013 | D:8      | Noticed an orc warrior
  1019 | D:8      | Reached XP level 5. EP: 26/41
  1028 | D:8      | Killed an orc warrior
  1032 | D:8      | Reached XP level 6. EP: 33/48
  1037 | D:8      | JacquesDerrida: The secret is to be original
  1038 | D:8      | JacquesDerrida: To have an spproach
  1039 | D:8      | Reached skill level 5 in Axes
  1045 | D:8      | Bastard: do
  1046 | D:8      | Bastard: not
  1046 | D:8      | Bastard: die
  1050 | D:8      | Bastard: gud jeb
  1052 | D:8      | JacquesDerrida: Instrument and genre is irrelevant
  1069 | D:8      | JacquesDerrida: But that's in general, not just about music
  1069 | D:8      | Soner: The trick to playing a good Djinni of Trog is to spam Berserk for everything because no foodcost.
  1146 | D:8      | Bastard: i am the the most original accordionbeatboxer there is
  1170 | D:8      | Noticed a phantom
  1175 | D:8      | JacquesDerrida: Be a creator, a demiurg
  1187 | D:8      | Bastard: demiurge
  1187 | D:8      | Reached XP level 7. EP: 41/54
  1192 | D:8      | Bastard: haven't heard that word in a while
  1195 | D:8      | Killed a phantom
  1228 | D:8      | JacquesDerrida: I was wondering if it;s used in english
  1375 | D:9      | Reached skill level 6 in Axes
  1376 | D:9      | JacquesDerrida: My native language is close to greek
  1389 | D:9      | JacquesDerrida: So. yeah
  1420 | D:9      | Bastard: not very often, from what i've seen
  1428 | D:9      | JacquesDerrida: We use greek words a lot in academic language
  1439 | D:9      | Soner: Most words in the English language aren't used very often.
  1439 | D:9      | Reached skill level 5 in Armour
  1443 | D:9      | Bastard: english is really a dumb language
  1457 | D:9      | JacquesDerrida: But that's also applies to english I think
  1459 | D:9      | JacquesDerrida: Yeah, I agree
  1461 | D:9      | Noticed a wyvern
  1466 | D:9      | Killed a wyvern
  1466 | D:9      | Reached skill level 1 in Evocations
  1468 | D:9      | JacquesDerrida: Official and strict
  1470 | D:9      | Reached skill level 5 in Fighting
  1470 | D:9      | Reached XP level 8. EP: 51/64
  1476 | D:9      | Bastard: like
  1480 | D:9      | Bastard: here's how i think of it
  1487 | D:9      | Soner: American-English isn't official and strict.
  1493 | D:9      | Bastard: a long list of strict rules with countless exceptions
  1512 | D:9      | JacquesDerrida: Compared to my language it is
  1532 | D:9      | Bastard: "proper" english is rather strict and nonsensical in some cases
  1596 | D:10     | Entered Level 10 of the Dungeon
  1608 | D:10     | Reached skill level 7 in Axes
  1609 | D:10     | Bastard: and by "some" i mean "what seem to be a great many"
  1615 | D:9      | Soner: I love how American-English actually did a lot to reform the problems with "proper" English, but people still pretend using u in armor somehow makes sense.
  1650 | D:9      | JacquesDerrida: You can't deconstruct this language much
  1652 | D:10     | JacquesDerrida: Who did?
  1655 | D:10     | JacquesDerrida: Joyce?
  1659 | D:10     | JacquesDerrida: That's it
  1670 | D:10     | JacquesDerrida: With finnegan's wake
  1672 | D:10     | Bastard: don't you mean prouper english
  1684 | D:10     | Bastard: speaking of finnegan's wake
  1690 | D:10     | Bastard: great song
  1703 | D:10     | Found a staircase to the Orcish Mines.
  1718 | D:10     | Bastard: we've come full circle, we have
  1722 | D:10     | JacquesDerrida: He-he
  1739 | D:10     | Paralysed by a crimson imp for 6 turns
  1739 | D:10     | Soner: Whenever I think of James Joyce I think of those letters.
  1766 | D:10     | Paralysed by a crimson imp for 5 turns
  1776 | D:9      | JacquesDerrida: Buy contemporary literature in my language is almost entirely experimental
  1819 | D:10     | JacquesDerrida: The fullblown post-modernism going on
  1868 | D:10     | JacquesDerrida: Letters are good
  1868 | D:10     | Reached XP level 9. EP: 53/71
  1875 | Orc:1    | Entered Level 1 of the Orcish Mines
  1877 | Orc:1    | JacquesDerrida: And Nora is better, he-he
  1889 | Orc:1    | Zxkuqyb: po-mo is so passe tho
  1899 | Orc:1    | JacquesDerrida: The true muse of a poet
  1942 | Orc:1    | Bastard: the truest muse of all is a bit of drink
  1986 | Orc:1    | JacquesDerrida: That goes to Faulkner
  1989 | Orc:1    | JacquesDerrida: And Hemmingway
  1999 | Orc:1    | JacquesDerrida: And countless others...
  2001 | Orc:1    | Zxkuqyb: and Bukowski..
  2009 | Orc:1    | JacquesDerrida: Yeah
  2095 | Orc:2    | Found Kiur's Armour Shoppe.
  2099 | Orc:2    | Soner: "armour of boredom"
  2099 | Orc:2    | Soner: heh
  2099 | Orc:2    | Bought a +0 pair of gauntlets of dexterity for 79 gold pieces
  2118 | Orc:2    | JacquesDerrida: I write myself and must say to write while drunk is a kind of delight
  2125 | Orc:2    | Reached skill level 8 in Axes
  2146 | Orc:2    | JacquesDerrida: But not very effective, he-he
  2156 | Orc:2    | Bastard: a lot of things are a delight when intoxicated
  2189 | Orc:2    | JacquesDerrida: A little too much avant-garde...
  2233 | Orc:3    | Found Ghythaol's Food Emporium.
  2239 | Orc:3    | JacquesDerrida: Writing is a different kind
  2248 | Orc:3    | JacquesDerrida: In many aspects
  2256 | Orc:3    | JacquesDerrida: In every aspect
  2257 | Orc:3    | Bastard: i just realized that i've gone and run out of beer
  2263 | Orc:3    | Bastard: what a shame
  2266 | Orc:3    | JacquesDerrida: He-he
  2271 | Orc:3    | JacquesDerrida: I like vodka
  2271 | Orc:3    | Vidiiot: >running out of beer
  2273 | Orc:3    | Vidiiot: >2013
  2276 | Orc:3    | JacquesDerrida: And that's it
  2291 | Orc:3    | JacquesDerrida: Figures I'm russian, I guess
  2294 | Orc:3    | JacquesDerrida: D:
  2297 | Orc:3    | Zxkuqyb: are you familiar with Vladimir Sorokin's books, Jacques?
  2310 | Orc:3    | JacquesDerrida: yeah, read them all
  2310 | Orc:3    | Zxkuqyb: heh
  2334 | Orc:3    | JacquesDerrida: Кроме дня опричника
  2351 | Orc:3    | Zxkuqyb: I loved them back then..
  2355 | Orc:3    | Noticed Joseph
  2355 | Orc:3    | Zxkuqyb: exactly
  2369 | Orc:3    | Zxkuqyb: haven't read that one either
  2372 | Orc:3    | Killed Joseph
  2411 | Orc:3    | Noticed an ettin
  2417 | Orc:3    | JacquesDerrida: I like Последний Субботник the most
  2431 | Orc:3    | Mangled by an ettin

Action                   |  1- 3 |  4- 6 |  7- 9 || total
-------------------------+-------+-------+-------++-------
Melee: Hand axe          |    78 |    53 |       ||   131
       War axe           |       |    23 |   248 ||   271
Invok: Berserk           |     3 |     3 |     5 ||    11
       Trog's Hand       |     2 |     5 |    15 ||    22
  Use: Scroll            |       |     4 |     7 ||    11
       Potion            |       |     1 |       ||     1
